 Dungeon Crawl Stone Soup version 0.29.0-4-gdea44cf6ec (webtiles) character file.

Game seed: 14928134371787212919

143 qw the Caller (level 5, -2/45 HPs)
             Began as a Ghoul Summoner on Sept 10, 2022.
             Slain by Ijyb
             ... wielding a +7 club
              (3 damage)
             ... on level 4 of the Dungeon.
             The game lasted 00:01:12 (4305 turns).

qw the Caller (Ghoul Summoner)                      Turns: 4305, Time: 00:01:12

Health: -2/45      AC:  9    Str: 14    XL:     5   Next: 25%
Magic:  6/6        EV:  6    Int: 10    God:
Gold:   201        SH:  0    Dex:  9    Spells: 6/7 levels left

rFire   + . .      SeeInvis .   Y - +2 war axe
rCold   + . .      Faith    .   (no shield)
rNeg    + + +      Spirit   .   h - +0 chain mail
rPois   inf        Reflect  .   (no helmet)
rElec   .          Harm     .   (no cloak)
rCorr   .          Rampage  .   j - +0 pair of gloves
Will    .....                   (no boots)
Stlth   ..........              (no amulet)
HPRegen 0.00/turn               e - ring of protection from fire
MPRegen 0.10/turn               (no ring)

@: inhibited regen
A: claws 1, cold resistance 1, negative energy resistance 3, inhibited
regeneration, torment resistance 2, devour on kill
a: no special abilities


You were on level 4 of the Dungeon.
You visited 1 branch of the dungeon, and saw 4 of its levels.

You collected 201 gold pieces.


Innate Abilities, Weirdness & Mutations

You are immune to poison.
You have sharp fingernails.
Your flesh is cold resistant. (rC+)
You are immune to negative energy. (rN+++)
You do not regenerate when monsters are visible.
You are immune to unholy pain and torment.
You thrive by killing the living.


   Skills:
 - Level 3.4 Fighting
 + Level 2.5 Axes
 - Level 1.2 Armour
 - Level 1.7 Dodging
 - Level 2.1 Stealth
 - Level 1.7 Spellcasting
 - Level 3.6 Summonings


You had 6 spell levels left.
You knew the following spells:

 Your Spells              Type           Power      Damage    Failure   Level
a - Summon Small Mammal   Summ           32%        N/A       90%         1

Your spell library contained the following spells:

 Spells                   Type           Power      Damage    Failure   Level
 Call Imp                 Summ           8%         N/A       97%         2
 Call Canine Familiar     Summ           8%         N/A       99%         3
 Summon Guardian Golem    Hex/Summ       4%         N/A       100%        3
 Summon Lightning Spire   Summ/Air       4%         N/A       100%        4

Inventory:

Hand Weapons
 f - a +0 flail
 Y - a +2 war axe (weapon)
Missiles
 n - a boomerang (quivered)
Armour
 b - a +0 cloak
 h - a +0 chain mail (worn)
 j - a +0 pair of gloves (worn)
Jewellery
 e - a ring of protection from fire (left hand)
Scrolls
 g - a scroll of enchant armour {unknown}
 i - a scroll of magic mapping {unknown}
 k - a scroll of brand weapon {unknown}
 l - 3 scrolls of identify
Potions
 a - a potion of might
 c - a potion of haste
 d - a potion of brilliance {unknown}

Dungeon Overview and Level Annotations

Branches:
Dungeon (4/15)             Temple (0/1) D:4

Altars:
Gozag
Hepliaklqana

Annotations:
D:3 3 runed translucent doors, qw's ghost, amateur GrFi
D:4 Ijyb


Message History

The ufetubus hits you.
The ufetubus hits you but does no damage.
Ijyb barely misses you. The ufetubus barely misses you.
The ufetubus hits you but does no damage.
You slash the ufetubus!
You kill the ufetubus!
You barely miss Ijyb. Ijyb hits you with a +7 club.
Ijyb zaps a wand.
You resist with some effort.
You closely miss Ijyb.
Ijyb is moderately wounded.
Ijyb zaps a wand.
Your will is overpowered!
You are confused.
4296 ||| DRINKING potion of curing.
You feel better.
4296 ||| (to cure confusion) Ijyb hits you but does no damage.
You barely miss Ijyb.
Ijyb is moderately wounded.
Ijyb screams, "I no like you!" Ijyb hits you with a +7 club!
You closely miss Ijyb.
Ijyb is moderately wounded.
Ijyb hits you with a +7 club.
Ijyb zaps a wand.
Your will is overpowered!
You are confused.
You're too confused to move!
Ijyb hits you with a +7 club!
You bump into the rock wall.
Ijyb hits you with a +7 club.
You bump into the rock wall.
Ijyb zaps a wand.
You resist with some effort.
You miss Ijyb.
Ijyb is moderately wounded.
Ijyb hits you with a +7 club.
You hit Ijyb but do no damage.
Ijyb is moderately wounded.
You feel less confused. Ijyb hits you with a +7 club!
Ijyb zaps a wand.
You resist with some effort.
You closely miss Ijyb.
Ijyb is moderately wounded.
Ijyb hits you with a +7 club.
You die...

##)##.# . #.##.#
.> #.##.#
...####### #.##.#
##......(####..#.#
.................#
##.......#####..##
......)g.# ##..##
........@# ##..#
#........# ##.##
#........#
#..######
#........#
##.......
#........#
#.......
#b.......#
#.).....
#........#
#....... ........#
#....... #.......


You could see Ijyb.

Vanquished Creatures
  A scorpion (D:4)
  2 adders
  An ufetubus (D:4)
  2 worms (D:4)
  2 dart slugs
  3 orcs
  An endoplasm (D:3)
  3 giant cockroaches
  3 hobgoblins
  A quokka (D:1)
  8 ball pythons
  2 frilled lizards
  2 goblins
  10 kobolds
  2 rats
43 creatures vanquished.

Vanquished Creatures (collateral kills)
  2 bats (D:1)
  An endoplasm (D:1)
  A ball python (D:1)
  2 frilled lizards (D:1)
  2 rats (D:1)
8 creatures vanquished.

Grand Total: 51 creatures vanquished

Notes
Turn   | Place    | Note
-------+----------+-------------------------------------------
     0 | D:1      | qw the Ghoul Summoner began the quest for the Orb.
     0 | D:1      | Reached XP level 1. HP: 14/14 MP: 2/2
     0 | D:1      | 0 ||| qw: Version: 0.1-a-116-g5d60599
     0 | D:1      | 0 ||| qw: Game counter: 7436
     0 | D:1      | 0 ||| qw: Always use a shield: true
     0 | D:1      | 0 ||| qw: God list: Okawaru
     0 | D:1      | 0 ||| qw: Allow faded altars: false
     0 | D:1      | 0 ||| qw: Do Orc after D:15 true
     0 | D:1      | 0 ||| qw: Do second Lair branch before Depths: true
     0 | D:1      | 0 ||| qw: Lair rune preference: random
     0 | D:1      | 0 ||| qw: Plans: Normal
     0 | D:1      | 0 ||| PLANNING D:1-11
    18 | D:1      | 18 ||| CASTING Summon Small Mammal
    19 | D:1      | 19 ||| CASTING Summon Small Mammal
    48 | D:1      | 48 ||| CASTING Summon Small Mammal
    49 | D:1      | 49 ||| CASTING Summon Small Mammal
    90 | D:1      | 90 ||| CASTING Summon Small Mammal
    91 | D:1      | 91 ||| CASTING Summon Small Mammal
   117 | D:1      | 117 ||| Wielding weapon +0 short sword.
   122 | D:1      | 122 ||| Stepping ~*~*~tactically~*~*~ (hiding).
   224 | D:1      | 224 ||| CASTING Summon Small Mammal
   225 | D:1      | 225 ||| CASTING Summon Small Mammal
   236 | D:1      | 236 ||| CASTING Summon Small Mammal
   239 | D:1      | Reached skill level 1 in Axes
   287 | D:1      | Found a faded altar of an unknown god.
   364 | D:1      | 364 ||| CASTING Summon Small Mammal
   365 | D:1      | 365 ||| CASTING Summon Small Mammal
   376 | D:1      | 376 ||| CASTING Summon Small Mammal
   624 | D:1      | 624 ||| CASTING Summon Small Mammal
   625 | D:1      | 625 ||| CASTING Summon Small Mammal
   636 | D:1      | Reached XP level 2. HP: 17/22 MP: 1/3
   636 | D:1      | 636 ||| CASTING Summon Small Mammal
   641 | D:1      | Reached skill level 1 in Fighting
   835 | D:1      | 835 ||| Stepping ~*~*~tactically~*~*~ (stealth).
   838 | D:1      | 838 ||| Stepping ~*~*~tactically~*~*~ (stealth).
   839 | D:1      | 839 ||| Stepping ~*~*~tactically~*~*~ (stealth).
   849 | D:1      | 849 ||| CASTING Summon Small Mammal
   850 | D:1      | 850 ||| CASTING Summon Small Mammal
   851 | D:1      | 851 ||| CASTING Summon Small Mammal
   903 | D:1      | 903 ||| CASTING Summon Small Mammal
   904 | D:1      | 904 ||| CASTING Summon Small Mammal
   905 | D:1      | 905 ||| CASTING Summon Small Mammal
   964 | D:1      | 964 ||| CASTING Summon Small Mammal
   965 | D:1      | 965 ||| CASTING Summon Small Mammal
   966 | D:1      | 966 ||| CASTING Summon Small Mammal
   976 | D:1      | 976 ||| CASTING Summon Small Mammal
  1028 | D:1      | 1028 ||| CASTING Summon Small Mammal
  1029 | D:1      | 1029 ||| CASTING Summon Small Mammal
  1030 | D:1      | 1030 ||| CASTING Summon Small Mammal
  1069 | D:1      | 1069 ||| CASTING Summon Small Mammal
  1070 | D:1      | 1070 ||| CASTING Summon Small Mammal
  1071 | D:1      | 1071 ||| CASTING Summon Small Mammal
  1116 | D:1      | 1116 ||| CASTING Summon Small Mammal
  1117 | D:1      | 1117 ||| CASTING Summon Small Mammal
  1118 | D:1      | 1118 ||| CASTING Summon Small Mammal
  1230 | D:1      | 1230 ||| CASTING Summon Small Mammal
  1231 | D:1      | 1231 ||| CASTING Summon Small Mammal
  1232 | D:1      | 1232 ||| CASTING Summon Small Mammal
  1298 | D:1      | 1298 ||| SWAPPING to +0 spear.
  1299 | D:1      | 1299 ||| DROPPING +0 short sword.
  1401 | D:1      | 1401 ||| CASTING Summon Small Mammal
  1402 | D:1      | 1402 ||| CASTING Summon Small Mammal
  1404 | D:1      | 1404 ||| CASTING Summon Small Mammal
  1414 | D:1      | 1414 ||| CASTING Summon Small Mammal
  1471 | D:1      | 1471 ||| CASTING Summon Small Mammal
  1472 | D:1      | 1472 ||| CASTING Summon Small Mammal
  1473 | D:1      | 1473 ||| CASTING Summon Small Mammal
  1543 | D:1      | 1543 ||| CASTING Summon Small Mammal
  1544 | D:1      | 1544 ||| CASTING Summon Small Mammal
  1545 | D:1      | 1545 ||| CASTING Summon Small Mammal
  1635 | D:1      | 1635 ||| CASTING Summon Small Mammal
  1636 | D:1      | 1636 ||| CASTING Summon Small Mammal
  1637 | D:1      | 1637 ||| CASTING Summon Small Mammal
  1647 | D:1      | 1647 ||| CASTING Summon Small Mammal
  1880 | D:1      | 1880 ||| UPGRADING to +0 ring mail.
  1890 | D:1      | 1890 ||| DROPPING +0 robe.
  1891 | D:1      | 1891 ||| UPGRADING to +0 pair of gloves.
  1896 | D:1      | 1896 ||| UPGRADING to ring of protection from fire.
  1897 | D:1      | 1897 ||| READING 3 scrolls labelled RYFYAC BUOCH.
  1898 | D:1      | 1898 ||| READING 2 scrolls labelled YLA OPEUTRAUBORGHAU.
  1899 | D:1      | 1899 ||| READING scroll labelled HUOGHUNIMO.
  1900 | D:1      | 1900 ||| READING scroll labelled TES NISMOSIT.
  1905 | D:1      | 1905 ||| READING 2 scrolls of identify.
  1905 | D:1      | 1905 ||| IDENTIFYING glowing dark potion
  1906 | D:1      | 1906 ||| DROPPING potion of magic.
  1907 | D:1      | 1907 ||| DROPPING scroll of fog.
  1937 | D:2      | 1937 ||| CASTING Summon Small Mammal
  1938 | D:2      | 1938 ||| CASTING Summon Small Mammal
  1939 | D:2      | 1939 ||| CASTING Summon Small Mammal
  2188 | D:2      | 2188 ||| CASTING Summon Small Mammal
  2189 | D:2      | 2189 ||| CASTING Summon Small Mammal
  2190 | D:2      | 2190 ||| CASTING Summon Small Mammal
  2254 | D:2      | 2254 ||| CASTING Summon Small Mammal
  2255 | D:2      | 2255 ||| CASTING Summon Small Mammal
  2256 | D:2      | 2256 ||| CASTING Summon Small Mammal
  2313 | D:2      | 2313 ||| CASTING Summon Small Mammal
  2314 | D:2      | 2314 ||| CASTING Summon Small Mammal
  2315 | D:2      | 2315 ||| CASTING Summon Small Mammal
  2325 | D:2      | 2325 ||| CASTING Summon Small Mammal
  2330 | D:2      | Reached XP level 3. HP: 16/28 MP: 0/4
  2490 | D:2      | 2490 ||| CASTING Summon Small Mammal
  2491 | D:2      | 2491 ||| CASTING Summon Small Mammal
  2492 | D:2      | 2492 ||| CASTING Summon Small Mammal
  2493 | D:2      | 2493 ||| CASTING Summon Small Mammal
  2552 | D:2      | 2552 ||| CASTING Summon Small Mammal
  2553 | D:2      | 2553 ||| CASTING Summon Small Mammal
  2554 | D:2      | 2554 ||| CASTING Summon Small Mammal
  2555 | D:2      | 2555 ||| CASTING Summon Small Mammal
  2663 | D:2      | 2663 ||| CASTING Summon Small Mammal
  2664 | D:2      | 2664 ||| CASTING Summon Small Mammal
  2665 | D:2      | 2665 ||| CASTING Summon Small Mammal
  2666 | D:2      | 2666 ||| CASTING Summon Small Mammal
  2866 | D:2      | 2866 ||| SWAPPING to +0 war axe.
  2867 | D:2      | 2867 ||| DROPPING +0 spear.
  3001 | D:2      | 3001 ||| UPGRADING to +0 chain mail.
  3011 | D:2      | 3011 ||| DROPPING +0 ring mail.
  3012 | D:2      | 3012 ||| DROPPING ring of magical power.
  3013 | D:2      | 3013 ||| READING scroll labelled MAUSTU WITODIPS.
  3014 | D:2      | 3014 ||| READING scroll labelled WALUBO EPLE.
  3015 | D:2      | 3015 ||| DRINKING 3 glowing yellow potions.
  3016 | D:2      | 3016 ||| DROPPING 2 potions of berserk rage.
  3089 | D:3      | Found a hazy altar of Hepliaklqana.
  3107 | D:3      | 3107 ||| Stepping randomly (stuck).
  3108 | D:3      | 3108 ||| Stepping randomly (stuck).
  3109 | D:3      | 3109 ||| Stepping randomly (stuck).
  3110 | D:3      | 3110 ||| Stepping randomly (stuck).
  3358 | D:3      | 3358 ||| READING scroll of enchant weapon.
  3358 | D:3      | 3358 ||| ENCHANTING +1 war axe.
  3396 | D:3      | Found a runed translucent gate.
  3396 | D:3      | Found a runed translucent gate.
  3398 | D:3      | Found a runed translucent gate.
  3398 | D:3      | Found an opulent altar of Gozag.
  3398 | D:3      | Noticed a wight
  3399 | D:3      | Noticed qw's ghost (amateur GrFi)
  3732 | D:3      | 3732 ||| READING scroll labelled DIAKHL FIAJE.
  3733 | D:3      | 3733 ||| READING 2 scrolls of identify.
  3733 | D:3      | 3733 ||| IDENTIFYING sedimented dark potion
  3867 | D:4      | Reached skill level 1 in Armour
  3894 | D:4      | Reached XP level 4. HP: 35/35 MP: 5/5
  3959 | D:4      | 3959 ||| DROPPING +0 club.
  3976 | D:4      | Noticed a scorpion
  3977 | D:4      | 3977 ||| Stepping ~*~*~tactically~*~*~ (stealth).
  3990 | D:4      | Killed a scorpion
  3991 | D:4      | Reached skill level 3 in Fighting
  3991 | D:4      | Reached XP level 5. HP: 37/45 MP: 6/6
  4066 | D:4      | 4066 ||| Stepping ~*~*~tactically~*~*~ (stealth).
  4281 | D:4      | Noticed Ijyb
  4282 | D:4      | Found a staircase to the Ecumenical Temple.
  4283 | D:4      | 4283 ||| PLANNING TEMPLE
  4287 | D:4      | 4287 ||| DRINKING 2 potions of curing.
  4287 | D:4      | 4287 ||| (to cure confusion)
  4296 | D:4      | 4296 ||| DRINKING potion of curing.
  4296 | D:4      | 4296 ||| (to cure confusion)
  4303 | D:4      | HP: 8/45 [Ijyb/+7 club (4)]
  4304 | D:4      | HP: 1/45 [Ijyb/+7 club (7)]
  4305 | D:4      | Slain by Ijyb

Levels and vault maps discovered:
D:1:      dpeg_arrival_more_subterranean_lakeside_camping, layout_basic,
          shapermc_ecumenical_altar_mp_urbaneastern
D:2:      layout_basic
D:3:      layout_basic, mainiacjoe_overflow_cross_hatched, ebering_ghost_gozag
D:4:      layout_basic, minmay_temple_entry_butterflies,
          corexii_leaking_fountain, minmay_lizard_king, uniq_ijyb

Skill      XL: |  1  2  3  4 |
---------------+-------------+-----
Axes           | 1 2 |  2.5
Fighting       | 1 3 |  3.4
Armour         | 1 |  1.2
Dodging        | |  1.7
Stealth        | |  2.1
Spellcasting   | |  1.7
Summonings     | |  3.6

Action                   |  1- 3 |  4- 6 || total
-------------------------+-------+-------++-------
Melee: Short sword       |    42 |       ||    42
       Unarmed           |     9 |       ||     9
       Spear             |    40 |       ||    40
       War axe           |    25 |    33 ||    58
       Punch             |       |     1 ||     1
Throw: Boomerang         |    18 |    27 ||    45
 Cast: Summon Small Mamm |    69 |       ||    69
  Use: Scroll            |    10 |       ||    10
       Potion            |     1 |     2 ||     3
Armor: Robe              |    12 |       ||    12
       Ring mail         |    10 |       ||    10
       Chain mail        |    14 |    45 ||    59
Dodge: Dodged            |    51 |    20 ||    71

Table legend:
 A = Non-vault XP
 B = Vault XP
 C = Vault XP percentage of total XP
 D = Non-vault monster count
 E = Vault monster count
 F = Vault count percentage of total count
                 A         B        C        D         E       F
            +---------+---------+-------+---------+---------+-------
      Total |     205 |       0 |   0.0 |      51 |       0 |   0.0
            +---------+---------+-------+---------+---------+-------
        D:1 |      28 |       0 |   0.0 |      18 |       0 |   0.0
        D:2 |      22 |       0 |   0.0 |       7 |       0 |   0.0
        D:3 |       9 |       0 |   0.0 |       5 |       0 |   0.0
        D:4 |     146 |       0 |   0.0 |      21 |       0 |   0.0
            +---------+---------+-------+---------+---------+-------
